AoeStats
← UGodALouSass

Black Forest

504136078Analyzed
3v3 RM · 28d ago on Sep 4, 2026· 46m 50s· 6 players
Game mode
Random Map
Map size
Normal (6 player)
Population
200
Speed
Normal
Resources
Standard
Victory
Conquest
Starting age
Dark Age
Ending age
Imperial Age
RankedLock teamsTeams togetherTeam positionsShared explorationLock speedFull tech treeHidden civsTurbo modeCheats
Victory
Defeat
🇵🇪 Persians · Peru
1081
+11
🇩🇪 Aztecs · Germany
1037
+13
🇲🇽 Hindustanis · Mexico
1017
+13
🇺🇸 Bulgarians · United States
1077
-16
🇺🇸 Hindustanis · United States
1017
-15
🇺🇸 Khmer · United States
792
-6
carlosolares
4:07 Loom
9:57 Feudal Age
10:33 Double-Bit Axe
11:03 Horse Collar
18:55 Castle Age
18:01 Stone Mining
19:18 Scale Mail Armor
19:28 Forging
19:49 Bow Saw
19:41 Heavy Plow
31:00 Imperial Age
30:53 Iron Casting
30:33 Chain Mail Armor
30:24 Scale Barding Armor
30:12 Gold Mining
31:03 Fortified Wall
32:01 Wheelbarrow
32:45 Chemistry
33:37 Two-Man Saw
32:58 Hand Cart
34:30 Conscription
34:35 Chain Barding Armor
33:56 Heavy Camel Rider
35:52 Plate Barding Armor
35:04 Town Watch
35:31 Masonry
36:07 Shatagni
37:24 Blast Furnace
36:30 Imperial Camel Rider
37:48 Husbandry
38:00 Bloodlines
37:13 Light Cavalry
38:37 Fletching
38:47 Padded Archer Armor
ojalan
3:09 Loom
13:18 Feudal Age
13:54 Double-Bit Axe
13:52 Horse Collar
15:04 Wheelbarrow
20:38 Castle Age
18:45 Stone Mining
22:23 Stone Shaft Mining
21:46 Gold Mining
22:39 Hand Cart
25:26 Bow Saw
25:42 Town Watch
30:01 Gold Shaft Mining
30:13 Heavy Plow
34:53 Imperial Age
33:17 Gambesons
33:33 Squires
33:18 Arson
33:38 Scale Mail Armor
33:48 Forging
33:50 Atlatl
34:57 Capped Ram
35:58 Chain Mail Armor
36:20 Iron Casting
35:32 Treadmill Crane
36:12 Fortified Wall
36:31 Conscription
36:31 Garland Wars
38:33 Crop Rotation
38:07 Town Patrol
38:47 Plate Mail Armor
38:29 Elite Jaguar Warrior
39:46 Siege Ram
waltergriebenow
1:13 Loom
18:04 Feudal Age
32:04 Castle Age
31:31 Scale Barding Armor
31:37 Forging
32:59 Double-Bit Axe
35:51 Bloodlines
35:45 Husbandry
41:54 Chain Barding Armor
43:01 Wheelbarrow
44:06 Iron Casting
43:47 Bow Saw
43:19 Horse Collar
43:31 Gold Mining
43:32 Stone Mining
44:54 Hand Cart
49:52 Imperial Age
UGodALouSass
1:07 Loom
14:28 Feudal Age
16:34 Wheelbarrow
17:47 Double-Bit Axe
18:57 Horse Collar
19:13 Gold Mining
19:15 Stone Mining
27:03 Castle Age
31:17 Imperial Age
29:11 Hand Cart
29:34 Light Cavalry
31:38 Heavy Plow
31:51 Bow Saw
32:20 Gold Shaft Mining
35:55 Scale Barding Armor
36:01 Forging
35:53 Scale Mail Armor
38:34 Imperial Age
37:13 Chain Barding Armor
43:05 Pikeman
E1jefe28
0:32 Loom
12:03 Feudal Age
17:42 Castle Age
16:02 Horse Collar
16:14 Double-Bit Axe
22:34 Wheelbarrow
27:18 Heavy Plow
28:42 Gold Mining
32:17 Imperial Age
31:16 Bow Saw
34:00 Chemistry
33:22 Heavy Camel Rider
34:07 Shatagni
34:29 Conscription
34:19 Grand Trunk Road
36:06 Gold Shaft Mining
36:34 Bloodlines
36:25 Husbandry
37:49 Hand Cart
38:10 Thumb Ring
40:49 Imperial Camel Rider
Reaper20131
0:48 Loom
11:08 Feudal Age
14:05 Arson
24:04 Castle Age
23:20 Forging
25:30 Castle Age
24:28 Scale Mail Armor
30:05 Horse Collar
30:19 Double-Bit Axe
35:39 Imperial Age
35:45 Wheelbarrow
35:20 Scale Barding Armor
36:25 Bow Saw
37:05 Elite Skirmisher
37:51 Thumb Ring
38:51 Chain Barding Armor
39:34 Hand Cart
41:39 Pikeman
42:06 Gambesons
42:22 Squires
42:44 Chain Mail Armor
Connection lost

Rejoining the realm…

Still unreachable

The connection could not be restored.

Session expired

The server has moved on; the page needs a fresh start.